Map: Eastwatch LE

Players

HalfBreed

  • Race: Zerg Zerg
  • Spawn Location: 1:00

CatZ - Winner!

  • Race: Zerg Zerg
  • League: Grandmaster
  • Spawn Location: 7:00

VOD

Have the link to the VOD?

Description

Time

  • Played on: Feb. 1, 2018, 2:06 p.m.
  • Length: 3:21
Show
View Real Time Build Order
Export as new Build Order

HalfBreed Zerg 

Build Orders: Pool First 

Get SALT Encoding   

  12  0:02  Drone  
  13  0:12  Overlord  
  13  0:17  Drone  
  14  0:30  Drone x2  
  14  0:34  Drone  
  17  0:44  Extractor  
  17  0:45  Drone  
  17  0:50  Spawning Pool  
  17  0:55  Drone  
  17  1:06  Drone  
  18  1:19  Hatchery  
  17  1:36  Zergling x4  
  17  1:39  Zergling x2  
  20  1:42  Queen  
  22  2:01  Baneling Nest  
  21  2:16  Overlord  
  21  2:25  Zergling x2  
  22  2:30  Queen  
  23  2:46  Zergling x10  
  9  3:06  Baneling  
Show
View Real Time Build Order
Export as new Build Order

CatZ Zerg - Winner!

Build Orders: 1 Base Baneling Bust, Pool First 

Get SALT Encoding   

  12  0:00  Drone  
  13  0:07  Extractor  
  12  0:24  Spawning Pool  
  11  0:31  Drone  
  11  0:35  Drone  
  13  0:41  Drone  
  14  0:52  Overlord  
  14  1:11  Metabolic Boost  
  14  1:12  Zergling x4  
  14  1:15  Zergling x2  
  17  1:25  Zergling x2  
  18  1:30  Baneling Nest  
  17  1:36  Zergling x2  
  18  1:47  Zergling x2  
  19  1:59  Zergling x2  
  20  2:13  Hatchery  
  19  2:16  Baneling  
  19  2:17  Baneling  
  19  2:21  Baneling  
  19  2:24  Zergling x2  
  19  2:28  Zergling x2  
  20  2:48  Zergling x4  
  21  2:55  Zergling x2  
Tags
 
Add a new tag
Caveats
  • Supply blocks, unpowered buildings, or Contaminate may cause inaccurate times.
  • Supply counts are checked every 10 seconds.